 Dungeon Crawl Stone Soup version 0.26-a0-800-g517d6fe721 (webtiles) character file.

Game seed: 5132391346537095179

910 lunkers the Frost Mage (level 8, -3/46 HPs)
             Began as an Octopode Ice Elementalist on Nov 11, 2020.
             Slain by a wight
             ... wielding a cursed +0 hand axe
              (6 damage)
             ... on level 5 of the Dungeon.
             The game lasted 00:08:39 (6506 turns).

lunkers the Frost Mage (Octopode Ice Elementalist)  Turns: 6506, Time: 00:08:40

Health: -3/46      AC:  1    Str: 12    XL:     8   Next: 8%
Magic:  27/33      EV: 13    Int: 20    God:
Gold:   344        SH:  4    Dex: 12    Spells: 9/16 levels left

rFire    . . .     SeeInvis .   (no weapon)
rCold    . . .     Faith    .   n - +0 buckler
rNeg     . . .     Spirit   .   (helmet restricted)
rPois    +         Reflect  .   (no amulet)
rElec    .         Harm     .   p - ring of poison resistance
rCorr    .         Rampage  .   k - ring of magical power
MR       .....                  q - ring "Plog" {MP+9 Str+5}
Stlth    +++.......             (no ring)
HPRegen  0.15/turn              (no ring)
MPRegen  0.23/turn              (no ring)
                                (no ring)
                                (no ring)

@: frozen ramparts, lightly drained
A: almost no armour, stealthy swim, amphibious, 8 rings, constrict 8, camouflage
1, gelatinous body 1
a: no special abilities


You were on level 5 of the Dungeon.
You visited 1 branch of the dungeon, and saw 5 of its levels.

You collected 344 gold pieces.

Inventory:

Armour
 n - a +0 buckler (worn)
Magical Staves
 t - an uncursed staff of fire
Jewellery
 k - a ring of magical power (right tentacle)
 p - a ring of poison resistance (left tentacle)
 q - the ring "Plog" (on tentacle) {MP+9 Str+5}
   (You found it on level 4 of the Dungeon)

   [ring of magical power]

   It affects your strength (+5).
   It affects your magic capacity (+9).
 v - an uncursed amulet of magic regeneration {unknown}
Scrolls
 a - 5 scrolls of teleportation {unknown}
 b - 2 scrolls of blinking {unknown}
 c - 4 scrolls of remove curse {unknown}
 d - a scroll of enchant armour {unknown}
 g - 6 scrolls of identify
 h - a scroll of immolation {unknown}
 i - a scroll of enchant weapon {unknown}
 o - a scroll of amnesia {unknown}
 r - 2 scrolls of noise {unknown}
 s - a scroll of magic mapping {unknown}
 w - a scroll of random uselessness {unknown}
Potions
 e - 4 potions of invisibility
 f - 3 potions of heal wounds
 j - 3 potions of curing {unknown}
 l - 2 potions of degeneration {unknown}
 m - a potion of attraction {unknown}
 u - a potion of lignification {unknown}


   Skills:
 - Level 2.0(1.5) Dodging
 - Level 2.6(2.2) Stealth
 + Level 3.0(2.5) Shields
 + Level 4.7(4.2) Spellcasting
 * Level 8.0(7.5) Ice Magic


You had 9 spell levels left.
You knew the following spells:

 Your Spells              Type           Power        Failure   Level
a - Freeze                Ice            ####         1%          1
b - Frozen Ramparts       Ice            ####..       1%          3
c - Ozocubu's Armour      Ice            ####....     1%          3

Your spell library contained the following spells:

 Spells                   Type           Power        Failure   Level
 Beastly Appendage        Tmut           #.....       16%         1
 Wereblood                Tmut           #.......     22%         2
 Hailstorm                Conj/Ice       ###.....     32%         4
 Ice Form                 Ice/Tmut       ###.....     32%         4
 Summon Ice Beast         Ice/Summ       ###.....     32%         4
 Spider Form              Tmut/Pois      #.........   41%         3
 Blade Hands              Tmut           #.........   99%         5


Dungeon Overview and Level Annotations

Branches:
Dungeon (5/15)
 Temple: D:4-7

Altars:
Okawaru
Qazlal
Uskayaw

Annotations:
D:4 1 runed translucent door, BigShawn's ghost, amateur DrCj


Innate Abilities, Weirdness & Mutations

You cannot wear most types of armour.
You are very stealthy in the water. (Stealth+)
You are amphibious.
You can wear up to eight rings at the same time.
You can use your tentacles to constrict eight enemies at once.
Your skin changes colour to match your surroundings (Stealth+).
Your rubbery body absorbs attacks. (AC +1, EV +1)


Message History

Unknown command.
Casting: Frozen Ramparts (safe; 1% risk of failure)
Confirm with . or Enter, or press ? or * to list all spells.
A film of ice covers your body!
The wight completely resists.
The wall freezes the wight but do no damage.
The wight resists.
The wall freezes the wight.
The wight hits you with a cursed +0 hand axe!
* * * LOW HITPOINT WARNING * * *
Unknown command.
Unknown command.
You aren't carrying any items that you can evoke.
Unknown command.
Your icy armour cracks and falls away as you move.
As you read the scroll labelled JUSCHA TECOL, it crumbles to dust.
It is a scroll of identify.
f - 3 potions of heal wounds The wight completely resists.
The wall freezes the wight but do no damage.
The wight hits you with a cursed +0 hand axe.
You die...

##.z####...#
##†.## #.z.#
###z.##
#..z#
##.z###
##...#
##..##
##..o..
##zz##
##......
##.###
#.......
#z##
#........
##@##
#.....$...
##..##
#.........z
#....##
#.....>....
#.....#
#.........z
#....##
..........
#....#
.........
#....#
........
##...#
........
#...#
...(....


You could see a wight.

Vanquished Creatures
  A sky beast (D:5)
  2 big kobolds (D:4)
  A bullfrog (D:5)
  A scorpion (D:4)
  2 hounds
  Terence (D:2)
  4 orc wizards
  2 worker ants
  Robin (D:2)
  6 gnolls
  9 adders
  A white imp (D:5)
  An ooze (D:4)
  An adder skeleton (D:4)
  2 worms (D:2)
  A dart slug (D:3)
  6 leopard geckos
  22 orcs
  11 bats
  4 giant cockroaches
  8 hobgoblins
  10 jackals
  14 kobolds
  4 quokkas
  9 frilled lizards
  16 goblins
  A leopard gecko skeleton (D:4)
  A quokka skeleton (D:5)
  10 rats
152 creatures vanquished.

Notes
Turn   | Place    | Note
-------+----------+-------------------------------------------
     0 | D:1      | lunkers the Octopode Ice Elementalist began the quest for
                  | the Orb.
     0 | D:1      | Reached XP level 1. HP: 11/11 MP: 3/3
   302 | D:1      | Reached XP level 2. HP: 17/17 MP: 3/5
   943 | D:1      | Reached XP level 3. HP: 18/21 MP: 2/6
  1486 | D:2      | Noticed Terence
  1534 | D:2      | Killed Terence
  1534 | D:2      | Reached skill level 5 in Ice Magic
  1534 | D:2      | Reached XP level 4. HP: 18/27 MP: 1/8
  1777 | D:2      | Learned a level 3 spell: Frozen Ramparts
  1781 | D:2      | Learned a level 3 spell: Ozocubu's Armour
  2015 | D:2      | Found a stormy altar of Qazlal.
  2139 | D:2      | Reached XP level 5. HP: 20/31 MP: 2/9
  2254 | D:2      | Noticed Robin
  2266 | D:2      | Killed Robin
  2911 | D:3      | Reached skill level 6 in Ice Magic
  3010 | D:3      | Reached XP level 6. HP: 29/36 MP: 4/11
  4171 | D:4      | Got a coiled turquoise ring
  4221 | D:4      | Identified the ring "Plog" {MP+9 Str+5} (You found it on
                  | level 4 of the Dungeon)
  4416 | D:4      | Found a runed translucent door.
  4416 | D:4      | Noticed BigShawn's ghost (amateur DrCj)
  4457 | D:4      | Reached skill level 1 in Shields
  4782 | D:4      | Found an iron altar of Okawaru.
  4805 | D:4      | Reached XP level 7. HP: 39/41 MP: 12/12
  4928 | D:4      | Reached skill level 7 in Ice Magic
  5114 | D:4      | Found a hide-covered altar of Uskayaw.
  5350 | D:5      | Entered Level 5 of the Dungeon
  6306 | D:5      | Reached XP level 8. HP: 27/46 MP: 14/14
  6494 | D:5      | Reached skill level 8 in Ice Magic
  6504 | D:5      | HP: 2/46 [wight/cursed +0 hand axe (9)]
  6506 | D:5      | Slain by a wight

Illustrated notes

Levels and vault maps discovered:
D:1:      scummos_arrival_simple_crosswalls, layout_loops_ring
D:2:      layout_loops_cross, marbit_many_paths, uniq_terence, uniq_robin
D:3:      layout_basic, minmay_misc_feat_iff, chequers_garden
D:4:      cheibrodos_thug_alley, layout_rooms, nicolae_overflow_crystal_walls,
          hellmonk_ghost_happy_afterlife, okawaru_trees_2
D:5:      layout_cave_pods, serial_shops, nicolae_shop_window_shopping,
          kennysheep_generic_room_8

Skill      XL: |  1  2  3  4  5  6  7  8 |
---------------+-------------------------+-----
Ice Magic      | 5 6 7 8 |  8.0
Spellcasting   | 3 4 |  4.7
Shields        | 1 2 3 |  3.0
Dodging        | |  2.0
Stealth        | |  2.6

Action                   |  1- 3 |  4- 6 |  7- 9 || total
-------------------------+-------+-------+-------++-------
Melee: Unarmed           |     3 |    11 |     7 ||    21
       Constrict         |     2 |     4 |     3 ||     9
       Tentacles         |     2 |     1 |     3 ||     6
 Cast: Freeze            |    54 |   105 |    30 ||   189
       Frozen Ramparts   |       |     4 |     7 ||    11
       Ozocubu's Armour  |       |       |     1 ||     1
  Use: Scroll            |       |       |     1 ||     1
 Stab: Sleeping          |     1 |     1 |       ||     2
Armor: Skin              |     1 |     5 |     3 ||     9
Dodge: Dodged            |    33 |    62 |    23 ||   118
Block: Buckler           |       |     3 |     6 ||     9

Table legend: (Time is in decaauts)
 A = Elapsed time spent in this place.
 B = Non-inter-level travel time spent in this place.
 C = Inter-level travel time spent in this place.
 D = Time resting spent in this place.
 E = Time spent auto-exploring this place.
 F = Levels seen in this place.
 G = Mean time per level.
                   A        B        C        D        E       F      G
               +--------+--------+--------+--------+--------+-----+--------+
         Total |   6502 |   6325 |    177 |      0 |   5449 |   5 | 1300.4 |
       Dungeon |   6502 |   6325 |    177 |      0 |   5449 |   5 | 1300.4 |
               +--------+--------+--------+--------+--------+-----+--------+

Top non-repeatable levels by time:
     D:2: 1493 daAuts
     D:4: 1352 daAuts
     D:3: 1300 daAuts
     D:1: 1200 daAuts
     D:5: 1155 daAuts
